 Dungeon Crawl Stone Soup version bcrawl-1.39.1 (webtiles) character file.

Game seed: 17054437521466941803

12359284 blacky4 the Pyromancer (level 20, -22/126 HPs)
             Began as a Fairy Conjurer on Sept 5, 2023.
             Killed from afar by a golden dragon (49 damage)
             ... with a bolt of cold
             ... on level 3 of the Vaults.
             The game lasted 01:48:52 (32263 turns).

blacky4 the Pyromancer (Fairy Conjurer)            Turns: 32263, Time: 01:48:53

Health: -22/126    AC: 18    Str:  6    XL:     20   Next: 50%
Magic:  11/41      EV: 37    Int: 30    God:
Gold:   1511       SH: 23    Dex: 25    Spells: 13/49 levels left

rFire    . . .     GDR:     35%   - Fists (3.0)
rCold    . . .     SeeInvis .   y - +3 warlock's mirror {reflect}
rNeg     . . .     Gourm    .   (armour unavailable)
rPois    .         Faith    .   S - +1 hat {MR+}
rElec    .         Spirit   .   l - +0 cloak {MR+}
rCorr    .         Reflect  +   T - +0 pair of gloves
MR       ++++.                  J - +1 pair of boots
Stlth    ++........             Q - amulet of magic regeneration
HPRegen  0.31/turn              q - +4 ring of protection
MPRegen  0.69/turn              K - ring "Roph" {Int+5 Dex+4}

@: agile, about to teleport, flying evasively, very slightly contaminated
A: small, magic attunement, unstealthy, unfitting armour, able to fly, AC/SH +9
}: 2/15 runes: serpentine, barnacled
a: Stop Flying


You were on level 3 of the Vaults.
You were not hungry.

You visited 7 branches of the dungeon, and saw 29 of its levels.
You also visited: Ossuary.

You collected 3346 gold pieces.
You spent 1835 gold pieces at shops.

Inventory:

Hand Weapons
 O - a +2 scimitar of venom
Missiles
 h - 7 throwing nets (quivered) {=f}
Armour
 l - a +0 cloak of magic resistance (worn)
 y - the +3 warlock's mirror (worn) {reflect}
   (You acquired it on level 6 of the Lair of Beasts)
 J - a +1 pair of boots (worn)
 S - a +1 hat of magic resistance (worn)
 T - a +0 pair of gloves (worn)
Magical Staves
 L - an uncursed staff of power
Jewellery
 q - a +4 ring of protection (left hand)
 K - the ring "Roph" (right hand) {Int+5 Dex+4}
   (You found it on level 11 of the Dungeon)

   [ring of intelligence]

   It affects your intelligence (+5).
   It affects your dexterity (+4).
 Q - an amulet of magic regeneration (around neck)
 W - an uncursed amulet of the acrobat
Wands
 j - a wand of acid (8)
 w - a wand of digging (5)
 A - a wand of flame (68)
 C - a wand of disintegration (15)
 I - a wand of polymorph (19)
 U - a wand of paralysis (35)
 Y - a wand of scattershot (5)
Scrolls
 c - 5 scrolls of amnesia
 d - 9 scrolls of enchant armour
 g - 8 scrolls of revelation
 i - 6 scrolls of identify
 m - 6 scrolls of enchant weapon
 p - 15 scrolls of remove curse
 r - a scroll of torment
 u - 12 scrolls of teleportation
 B - 8 scrolls of fear
 D - 5 scrolls of immolation
 G - a scroll of noise
 M - 3 scrolls of vulnerability
 N - 3 scrolls of fog
 V - 2 scrolls of blinking
 Z - 3 scrolls of summoning
Potions
 a - 11 potions of curing
 b - 2 potions of magic
 f - 8 potions of heal wounds
 k - 5 potions of cancellation
 n - 3 potions of ambrosia
 o - a potion of degeneration
 s - 2 potions of invisibility
 t - 3 potions of mutation
 v - 6 potions of agility
 x - 3 potions of might
 z - 3 potions of berserk rage
 E - a potion of flight
 P - 5 potions of lignification
Miscellaneous
 F - a lightning rod (4/4)
 H - a phial of floods
 R - a sack of spiders
 X - a lamp of fire
Comestibles
 e - 29 rations {!d}


   Skills:
 - Level 8.0 Fighting
 - Level 12.0 Dodging
 - Level 1.5 Stealth
 - Level 11.0 Shields
 * Level 15.3 Spellcasting
 * Level 17.1 Conjurations
   Level 7.0 Transmutations
 - Level 24.0 Fire Magic
 - Level 16.0 Ice Magic


You had 13 spell levels left.
You knew the following spells:

 Your Spells              Type           Power        Failure   Level  Hunger
c - Iskenderun's Mystic   Conj           #######.     0%          3    None
e - Icicle Burst          Conj/Ice       #######...   3%          7    None
f - Shatter               Erth           ###.......   100%        9    None
g - Fire Storm            Conj/Fire      #######...   63%         9    None
h - Ignition              Fire           ########..   1%          8    None

Your spell library contained the following spells:

 Spells                   Type           Power        Failure   Level  Hunger
 Magic Dart               Conj           ####         0%          1    None
 Searing Ray              Conj           #######.     0%          2    None
 Conjure Flame            Conj/Fire      #######.     0%          3    None
 Beastly Appendage        Tmut           ######       1%          1    None
 Ensorcelled Hibernation  Hex/Ice        ######       1%          2    None
 Passwall                 Tmut/Erth      #####...     1%          2    None
 Sticks to Snakes         Tmut           ######..     1%          2    None
 Dazzling Orbs            Conj/Hex       ######.      1%          3    None
 Mephitic Cloud           Conj/Pois/Air  ######..     1%          3    None
 Stone Arrow              Conj/Erth      ######       1%          3    None
 Fulminant Prism          Conj/Hex       ######....   1%          4    None
 Ice Form                 Ice/Tmut       #######.     1%          4    None
 Bolt of Magma            Conj/Fire/Erth #######...   1%          5    None
 Irradiate                Conj/Tmut      #######...   1%          5    None
 Steam Barrier            Chrm/Fire      #######...   1%          5    None
 Bolt of Fire             Conj/Fire      #######...   1%          6    None
 Spider Form              Tmut/Pois      ###          2%          3    None
 Necrotize                Necr           ###...       3%          1    None
 Slow                     Hex            ###.....     3%          1    None
 Iskenderun's Battlesphe  Conj/Chrm      ######..     3%          5    None
 Blink                    Tloc           N/A          5%          2    None
 Call Imp                 Summ           ###...       5%          2    None
 Corpse Rot               Necr           N/A          5%          2    None
 Blade Hands              Tmut           ######....   5%          5    None
 Tree Form                Hex/Tmut       N/A          9%          4    None
 Confuse                  Hex            ###.....     11%         3    None
 Tukima's Dance           Hex            ###.....     11%         3    None
 Vampiric Draining        Necr           ###.......   11%         3    None
 Conjure Ball Lightning   Conj/Air       ######....   17%         6    None
 Iron Shot                Conj/Erth      ######....   17%         6    None
 Poison Arrow             Conj/Pois      ######....   17%         6    None
 Agony                    Necr           ###.....     34%         4    None
 Animate Dead             Necr           N/A          34%         4    None
 Cause Fear               Hex            ###.......   34%         4    None
 Dispel Undead            Necr           ###.....     69%         5    None
 Piercing Shot            Chrm           ###.......   69%         5    None
 Summon Forest            Summ/Tloc      ###.......   69%         5    None
 Statue Form              Tmut/Erth      #####....    78%         6    None
 Dragon Form              Tmut           ######.      86%         7    None
 Infestation              Hex/Tmut/Pois  #####....    91%         6    None
 Borgnjor's Vile Clutch   Necr/Erth      ###.......   99%         6    None
 Darkness                 Hex            ###.......   99%         6    None
 Summon Hydra             Summ           ###.......   99%         6    None
 Shadow Creatures         Summ           N/A          100%        7    None
 Time Stop                Chrm/Tloc      N/A          100%        8    None
 Tornado                  Tloc/Air       ###.......   100%        8    None
 Dragon's Call            Summ           ###.......   100%        9    None


Dungeon Overview and Level Annotations

Branches:
Dungeon (12/12)            Temple (1/1) D:5            Lair (6/6) D:8
 Shoals (3/3) Lair:4        Snake (3/3) Lair:3        Slime (0/5) Orc
    Orc (1/1) D:11            Elf (0/3) Lair:6       Vaults (3/3) D:11
  Crypt (0/2) Vaults:1     Depths (0/5) D:12

Altars:
Cheibriados
Elyvilon
Gozag
Hepliaklqana
Nemelex Xobeh
Okawaru
Qazlal
Ru
Sif Muna
Trog
Wu Jian
Xom
Yredelemnul
Jiyva

Shops:
D:4 =   D:6 :   D:8 !   D:9 ?   D:10 ((   D:11 [   Orc }%:}*   Vaults:1 ::
Vaults:2 %

Annotations:
Shoals:3 1 runed translucent door, petermcneter's ghost, adept FrCj


Innate Abilities, Weirdness & Mutations

Your spells do not cause hunger and MP costs are reduced by 1.
Your bright wings attract enemies. (Stealth-)
You cannot fit into any form of body armour.
Your shimmering scales are hard and can block incoming attacks. (AC +9, SH +9)
You are small and have problems with some larger weapons.
You can fly continuously.


Message History

The ice dragon roars deafeningly!
No path to travel!
You hear a shout! x2
You block the golden dragon's attack. The golden dragon misses you.
The golden dragon tramples you!
* * * LOW HITPOINT WARNING * * *
You are shoved backwards!
You stop ascending the stairs.
A vault sentinel comes into view. It is wielding a +0 falchion.
Blink to where?
Press: ? - help, Dir - move target cursor You are very lightly contaminated with residual magic.
As you read the scroll of blinking, it crumbles to dust.
The vault sentinel moves out of view.
As you read the scroll of teleportation, it crumbles to dust.
You feel strangely unstable.
You hear a distant "Zot"!
You feel agile all of a sudden. The golden dragon breathes cold at you.
The bolt of cold hits you!!!
You die...

#....# #....#
#....# #....#
#....# #....#
#....#
#p.#...@#
#..#....# .#
###..#.D..#..#
....#....#...
....))).....
#####...)))..##
.......).D.....
.....).)<<.)...
....).)<..<).).


You could see a golden dragon and an ice dragon.

Vanquished Creatures
  Saint Roka (Orc)
  Vashnia (Snake:3)
  Rupert (D:12)
  Jorgrun (Snake:2)
  Asterion (Vaults:2)
  2 krakens
  A quicksilver dragon (shapeshifter) (Snake:3)
  A sphinx (Vaults:2)
  Polyphemus (Shoals:2)
  Kirke (Shoals:3)
  A nagaraja (Snake:2)
  A revenant (Vaults:1)
  A deep elf sorcerer (Vaults:2)
  A frost giant (Vaults:3)
  2 war gargoyles (Vaults:1)
  A fire giant (D:12)
  8 vault wardens
  2 orc warlords (Vaults:1)
  3 stone giants (Vaults:2)
  Aizul (Snake:3)
  7 ironheart preservers
  2 vampire knights (Vaults:1)
  2 deep elf demonologists (Vaults:2)
  The ghost of zoran the Warrior, a journeyman FeMo of Elyvilon (Vaults:1)
  An entropy weaver (shapeshifter) (Snake:3)
  An eidolon (Vaults:1)
  A deep elf death mage (Vaults:2)
  14 dire elephants
  An ettin (Orc)
  Snorg (Lair:4)
  A fire dragon (Vaults:2)
  6 merfolk impalers
  3 merfolk javelineers (Shoals:3)
  2 spectral krakens (Shoals:3)
  A yaktaur captain (Vaults:1)
  2 ice dragons
  30 vault guards
  4 rakshasas
  7 hydras
  2 ghost crabs (Shoals:3)
  7 anacondas
  12 naga warriors
  2 catoblepae
  A great orb of eyes (Vaults:1)
  A deep troll shaman (Vaults:2)
  A satyr (Shoals:3)
  8 ogre magi
  22 two-headed ogres
  9 merfolk avatars
  3 merfolk aquamancers
  7 sea snakes
  5 ironheart beastmasters
  A tengu warrior (D:11)
  12 death yaks
  3 shock serpents
  8 naga sharpshooters
  2 deep elf knights (Vaults:2)
  A fire crab (Shoals:2)
  2 salamander mystics
  7 centaur warriors
  3 deep trolls (Vaults:2)
  A glowing orange brain (shapeshifter) (Vaults:2)
  A kraken simulacrum (Shoals:3)
  A deep elf archer (Vaults:2)
  A naga ritualist (Snake:1)
  3 wizards
  2 wolf spider zombies (D:10)
  7 ironheart convokers
  6 cyclopes
  A phantasmal warrior (Vaults:2)
  5 harpies (Shoals:3)
  2 orc knights
  3 oklob plants
  2 orc sorcerers
  6 deep elf magi
  2 mana vipers
  10 manticores
  14 fauns (Shoals:1)
  6 ugly things
  10 merfolk sirens
  11 elephants
  13 salamanders
  3 water nymphs
  A spectral sea snake (Shoals:3)
  6 guardian serpents
  3 cane toads
  22 black mambas
  A cane toad (shapeshifter) (Vaults:2)
  3 vault sentinels
  11 naga magi
  3 freezing wraiths
  5 rime drakes
  A kobold demonologist (D:9)
  An eye of draining (D:12)
  A jumping spider (shapeshifter) (Snake:3)
  2 tengu conjurers
  2 spectral merfolk (Shoals:3)
  5 komodo dragons
  12 yaktaurs
  2 spectral water nymphs (Shoals:3)
  Maurice (Orc)
  7 hornets
  A hornet (shapeshifter) (D:12)
  14 merfolk
  10 trolls
  2 wind drakes
  8 polar bears
  2 meliai zombies
  24 slime creatures
  Grinder (D:3)
  13 dream sheep
  16 blink frogs
  13 hippogriffs
  6 snapping turtles
  3 spectral manticores (Shoals:3)
  6 water elementals
  11 spriggans (Lair:6)
  51 yaks
  2 wyverns
  2 wraiths
  A yak (shapeshifter) (Vaults:1)
  A hungry ghost (D:7)
  3 hogs (Shoals:3)
  4 basilisks
  A human (Shoals:3)
  A vampire mosquito (D:9)
  Menkaure (D:7)
  12 crocodiles
  6 wargs
  24 nagas
  4 water moccasins
  3 acid dragons
  12 orc warriors
  6 porcupines
  5 ice beasts
  4 sky beasts
  A cane toad skeleton (D:10)
  2 hornet zombies
  An ettin simulacrum (Vaults:1)
  3 black bears
  2 phantoms (D:11)
  2 necrophages
  38 ogres
  27 wolves
  4 boggarts (Lair:6)
  14 bullfrogs
  2 kobold brigands (D:10)
  A spectral cyclops (Shoals:3)
  3 water moccasin zombies (Ossuary)
  5 centaurs
  4 scorpions
  6 killer bees
  10 wights
  9 electric eels
  2 howler monkeys (D:10)
  7 orc priests
  6 crimson imps
  5 hounds
  2 quasits
  3 bullfrog zombies (Ossuary)
  2 jellies
  15 orc wizards
  A gnoll shaman (D:7)
  13 mummies (Ossuary)
  3 iguanas
  4 worker ants
  6 hound zombies
  2 hound skeletons
  A howler monkey zombie (Ossuary)
  5 worker ant zombies (Ossuary)
  14 gnolls
  A howler monkey skeleton (D:5)
  9 adders
  3 shadow imps
  4 oozes
  2 adder skeletons (D:4)
  3 adder zombies (Ossuary)
  2 worms
  3 dart slugs
  6 leopard geckos
  70 orcs
  2 ball pythons
  3 giant cockroaches
  6 goblins
  12 hobgoblins
  17 kobolds
  5 quokkas
  3 bats
  6 frilled lizards
  A jackal zombie (Ossuary)
  A quokka skeleton (D:2)
  A quokka zombie (Ossuary)
  5 rats
  A fungus (Lair:2)
  6 plants
  9 tentacles
  4 withered plants
1120 creatures vanquished.

Vanquished Creatures (others)
  A yaktaur captain (Vaults:2)
  2 centaur warriors (Vaults:1)
  A cyclops (Vaults:1)
  3 humans (Shoals:3)
  A naga (Snake:3)
  2 orcs (Orc)
  A rat (D:2)
  A fire vortex (Vaults:2)
  3 fungi (Lair:6)
  4 plants
  13 tentacles
  7 withered plants
39 creatures vanquished.

Grand Total: 1159 creatures vanquished

Notes
Turn   | Place    | Note
-------+----------+-------------------------------------------
     0 | D:1      | blacky4 the Fairy Conjurer began the quest for the Orb.
     0 | D:1      | Reached XP level 1. HP: 11/11 MP: 6/6
    98 | D:1      | Reached skill level 5 in Conjurations
   220 | D:1      | Reached XP level 2. HP: 17/17 MP: 8/8
   497 | D:1      | Reached XP level 3. HP: 21/21 MP: 10/10
   639 | D:1      | Learned a level 2 spell: Searing Ray
   669 | D:2      | Found an opulent altar of Gozag.
   905 | D:2      | Found a basalt altar of Yredelemnul.
  1357 | D:2      | Found a stormy altar of Qazlal.
  1404 | D:2      | Reached XP level 4. HP: 27/27 MP: 12/12
  1750 | D:3      | Noticed a water moccasin
  1814 | D:3      | Reached XP level 5. HP: 31/31 MP: 14/14
  1824 | D:3      | Killed a water moccasin
  1825 | D:3      | Reached skill level 5 in Spellcasting
  1825 | D:3      | Reached XP level 6. HP: 36/36 MP: 15/15
  2016 | D:3      | Found a sacrificial altar of Ru.
  2112 | D:3      | Found an ornate altar of the Wu Jian Council.
  2190 | D:3      | Noticed Grinder
  2196 | D:3      | Killed Grinder
  2197 | D:3      | Reached skill level 5 in Dodging
  2197 | D:3      | Reached XP level 7. HP: 36/41 MP: 9/16
  2204 | D:3      | Learned a level 3 spell: Iskenderun's Mystic Blast
  2233 | D:3      | Found a snail-covered altar of Cheibriados.
  2860 | D:4      | Noticed a hippogriff
  2864 | D:4      | Killed a hippogriff
  2948 | D:4      | Found a sparkling altar of Nemelex Xobeh.
  2948 | D:4      | Found a white marble altar of Elyvilon.
  3103 | D:4      | Reached XP level 8. HP: 43/46 MP: 12/17
  3218 | D:4      | Found Ugri's Jewellery Shoppe.
  3453 | D:5      | Entered Level 5 of the Dungeon
  4081 | D:5      | Found a staircase to the Ecumenical Temple.
  4178 | D:5      | Found a hazy altar of Hepliaklqana.
  4212 | Temple   | Entered the Ecumenical Temple
  4344 | D:6      | Reached skill level 10 in Conjurations
  4350 | D:6      | Reached skill level 1 in Fighting
  4360 | D:6      | Reached XP level 9. HP: 53/53 MP: 1/21
  4489 | D:6      | Found Conisch's Book Emporium.
  5131 | D:7      | Noticed a troll
  5137 | D:7      | Killed a troll
  5138 | D:7      | Reached skill level 10 in Dodging
  5201 | D:7      | Found a sand-covered staircase.
  5205 | D:7      | Noticed a two-headed ogre
  5211 | D:7      | Killed a two-headed ogre
  5212 | D:7      | Reached skill level 5 in Fighting
  5212 | D:7      | Reached XP level 10. HP: 66/66 MP: 8/22
  5269 | Ossuary  | Entered an ossuary
  6091 | D:7      | Noticed Menkaure
  6099 | D:7      | Killed Menkaure
  6586 | D:8      | Noticed an elephant
  6621 | D:8      | Killed an elephant
  6702 | D:8      | Found a staircase to the Lair.
  6877 | D:8      | Reached XP level 11. HP: 50/77 MP: 19/26
  7020 | D:8      | Found Oxuaclig's Distillery.
  7293 | D:9      | Reached skill level 10 in Spellcasting
  7425 | D:9      | Found Tuwef's Magic Scroll Shop.
  7433 | D:9      | Bought a scroll of identify for 30 gold pieces
  7433 | D:9      | Bought a scroll of remove curse for 45 gold pieces
  7433 | D:9      | Bought a scroll of identify for 30 gold pieces
  7433 | D:9      | Bought a scroll of identify for 30 gold pieces
  8135 | D:10     | Entered Level 10 of the Dungeon
  8135 | D:10     | Noticed a centaur warrior
  8135 | D:10     | Noticed a deep elf mage
  8138 | D:10     | Killed a deep elf mage
  8147 | D:10     | Killed a centaur warrior
  8277 | D:9      | Learned a level 5 spell: Irradiate
  8329 | D:10     | Reached skill level 1 in Transmutations
  8476 | D:10     | Noticed a deep elf mage
  8481 | D:10     | Killed a deep elf mage
  8482 | D:10     | Noticed a white ugly thing
  8493 | D:10     | Killed a white ugly thing
  8909 | D:10     | Reached XP level 12. HP: 75/82 MP: 25/29
  8945 | D:10     | Reached skill level 5 in Transmutations
  9120 | D:10     | Found Acaorohif's Antique Weapon Boutique.
  9358 | D:10     | Found Systrax's Antique Weapon Boutique.
  9366 | D:10     | Bought a buzzing scimitar for 180 gold pieces
  9366 | D:10     | Bought a steaming morningstar for 180 gold pieces
  9366 | D:10     | Bought a smoking trident for 170 gold pieces
  9368 | D:10     | Identified the cursed +2 scimitar "Eshrid" {distort, rN+}
                  | (You bought it in a shop on level 10 of the Dungeon)
  9370 | D:10     | Identified the +5 morningstar of Objectivity {holy, rF+
                  | Int+4} (You bought it in a shop on level 10 of the Dungeon)
  9395 | D:10     | Identified the cursed +1 trident of Big Damage {elec, rF+
                  | Int+4} (You bought it in a shop on level 10 of the Dungeon)
  9659 | D:11     | Reached skill level 1 in Shields
  9733 | D:11     | Found a staircase to the Orcish Mines.
  9741 | D:11     | Noticed a two-headed ogre
  9745 | D:11     | Killed a two-headed ogre
  9907 | D:11     | Found a gate to the Vaults.
  9954 | D:11     | Got a vibrating lapis lazuli ring
  9973 | D:11     | Noticed a tengu warrior
  9980 | D:11     | Killed a tengu warrior
 10476 | D:11     | Learned a level 7 spell: Icicle Burst
 10677 | D:11     | Noticed a catoblepas
 10693 | D:11     | Killed a catoblepas
 10694 | D:11     | Reached skill level 5 in Shields
 10694 | D:11     | Reached skill level 1 in Ice Magic
 10745 | D:11     | Found Cyt Taloja's Antique Armour Emporium.
 10772 | D:11     | Noticed a centaur warrior
 10779 | D:11     | Killed a centaur warrior
 11015 | D:12     | Entered Level 12 of the Dungeon
 11031 | D:12     | Noticed a two-headed ogre
 11192 | D:12     | Killed a two-headed ogre
 11234 | D:12     | Noticed an eight-headed hydra
 11240 | D:12     | Killed an eight-headed hydra
 11359 | D:12     | Reached XP level 13. HP: 88/88 MP: 7/30
 11359 | D:12     | Noticed a dire elephant
 11558 | Lair:1   | Entered Level 1 of the Lair of Beasts
 12383 | Lair:2   | Reached skill level 5 in Ice Magic
 13809 | Lair:3   | Found a staircase to the Snake Pit.
 14521 | Lair:3   | Identified a scroll of acquirement
 14526 | Lair:3   | Identified the ring "Roph" {Int+5 Dex+4} (You found it on
                  | level 11 of the Dungeon)
 14661 | Lair:4   | Noticed Snorg
 14667 | Lair:4   | Killed Snorg
 14740 | Lair:4   | Found a staircase to the Shoals.
 15291 | Lair:5   | Reached skill level 10 in Ice Magic
 15525 | Lair:5   | Found a snail-covered altar of Cheibriados.
 15688 | Lair:5   | Reached XP level 14. HP: 88/94 MP: 4/31
 16640 | Lair:6   | Entered Level 6 of the Lair of Beasts
 16666 | Lair:6   | Found a staircase to the Elven Halls.
 17845 | Lair:6   | Identified the ring "Kivvu" {MR++ Int+6 Stlth-} (You
                  | acquired it on level 6 of the Lair of Beasts)
 17846 | Lair:6   | Found the +3 warlock's mirror {reflect}
 17946 | Lair:6   | Reached XP level 15. HP: 99/99 MP: 1/33
 18147 | Lair:6   | Reached skill level 15 in Conjurations
 18171 | Lair:6   | Reached skill level 15 in Ice Magic
 18931 | D:12     | Noticed Rupert
 18936 | D:12     | Killed Rupert
 19047 | D:12     | Noticed a fire giant
 19071 | D:12     | Killed a fire giant
 19486 | D:12     | Found a staircase to the Depths.
 19611 | Orc      | Entered the Orcish Mines
 19611 | Orc      | Noticed Saint Roka
 19617 | Orc      | Noticed Maurice
 20103 | Orc      | Killed Saint Roka
 20147 | Orc      | Found a viscous altar of Jiyva.
 20148 | Orc      | Found a staircase to the Slime Pits.
 20156 | Orc      | Killed Maurice
 20197 | Orc      | Reached skill level 10 in Shields
 20371 | Orc      | Reached XP level 16. HP: 80/105 MP: 18/36
 20427 | Orc      | Found Veuvah's General Store.
 20463 | Orc      | Learned a level 9 spell: Shatter
 20473 | Orc      | Learned a level 9 spell: Fire Storm
 20483 | Orc      | Found Dotzin's Food Emporium.
 20483 | Orc      | Found Qaimue's Gadget Shop.
 20484 | Orc      | Found Hotaluw's Gadget Boutique.
 20484 | Orc      | Found Biet's Book Emporium.
 20493 | Orc      | Bought a book of the Earth for 1170 gold pieces
 20523 | Orc      | Found a roughly hewn altar of Beogh.
 20592 | Orc      | Found a roughly hewn altar of Beogh.
 21029 | Snake:1  | Entered Level 1 of the Snake Pit
 21033 | Snake:1  | Reached skill level 1 in Fire Magic
 21136 | Snake:1  | Reached skill level 2 in Fire Magic
 21210 | Snake:1  | Reached skill level 3 in Fire Magic
 21456 | Snake:1  | Reached skill level 4 in Fire Magic
 21521 | Snake:1  | Reached skill level 5 in Fire Magic
 21893 | Snake:1  | Reached skill level 6 in Fire Magic
 22212 | Snake:2  | Reached skill level 7 in Fire Magic
 22575 | Snake:2  | Reached skill level 8 in Fire Magic
 22781 | Snake:2  | Reached skill level 9 in Fire Magic
 23188 | Snake:2  | Reached skill level 10 in Fire Magic
 23244 | Snake:2  | Noticed a nagaraja
 23254 | Snake:2  | Killed a nagaraja
 23255 | Snake:2  | Reached skill level 11 in Fire Magic
 23379 | Snake:3  | Entered Level 3 of the Snake Pit
 23423 | Snake:3  | Noticed Aizul
 23429 | Snake:3  | Killed Aizul
 23496 | Snake:3  | Reached skill level 12 in Fire Magic
 23596 | Snake:3  | Noticed Jorgrun
 23620 | Snake:2  | Killed Jorgrun
 23702 | Snake:3  | Reached skill level 13 in Fire Magic
 23703 | Snake:3  | Reached XP level 17. HP: 106/109 MP: 25/37
 23976 | Snake:3  | Noticed Vashnia
 24156 | Snake:3  | Reached skill level 14 in Fire Magic
 24164 | Snake:3  | Killed Vashnia
 24392 | Snake:3  | Found a shimmering altar of Xom.
 24393 | Snake:3  | Found a shimmering altar of Xom.
 24431 | Snake:3  | Found a shimmering altar of Xom.
 24431 | Snake:3  | Found a shimmering altar of Xom.
 24435 | Snake:3  | Found a shimmering altar of Xom.
 24438 | Snake:3  | Noticed a quicksilver dragon
 24440 | Snake:3  | Killed a quicksilver dragon
 24533 | Snake:3  | Found a shimmering altar of Xom.
 24539 | Snake:3  | Found a shimmering altar of Xom.
 24540 | Snake:3  | Got a serpentine rune of Zot
 24558 | Snake:3  | Reached skill level 15 in Fire Magic
 25006 | Shoals:1 | Entered Level 1 of the Shoals
 25271 | Shoals:1 | Learned a level 8 spell: Ignition
 25327 | Shoals:1 | Reached skill level 16 in Fire Magic
 25501 | Shoals:1 | Found a shimmering blue altar of Sif Muna.
 25507 | Shoals:1 | Noticed a kraken
 25513 | Shoals:1 | Killed a kraken
 26321 | Shoals:2 | Noticed Polyphemus
 26325 | Shoals:2 | Killed Polyphemus
 26326 | Shoals:2 | Reached skill level 17 in Fire Magic
 27295 | Shoals:3 | Entered Level 3 of the Shoals
 27309 | Shoals:3 | Reached XP level 18. HP: 116/116 MP: 15/38
 27370 | Shoals:3 | Reached skill level 18 in Fire Magic
 27737 | Shoals:3 | Noticed Kirke
 27740 | Shoals:3 | Killed Kirke
 27809 | Shoals:3 | Reached skill level 19 in Fire Magic
 28004 | Shoals:3 | Got a barnacled rune of Zot
 28068 | Shoals:3 | Found a runed translucent door.
 28071 | Shoals:3 | Noticed petermcneter's ghost (adept FrCj)
 29159 | Vaults:1 | Entered Level 1 of the Vaults
 29163 | Vaults:1 | Reached skill level 20 in Fire Magic
 29507 | Vaults:1 | Found a staircase to the Crypt.
 29531 | Vaults:1 | Reached skill level 21 in Fire Magic
 29663 | Vaults:1 | Reached XP level 19. HP: 120/120 MP: 16/39
 30089 | Vaults:1 | Reached skill level 22 in Fire Magic
 30264 | Vaults:1 | Identified the +7 glaive "Syggiadu" {pain, *Contam +Fly MR+
                  | Str+5 Dex+2}
 30266 | Vaults:1 | Found Waill's Book Shop.
 30340 | Vaults:1 | Found a runed translucent door.
 30341 | Vaults:1 | Noticed zoran's ghost (journeyman FeMo)
 30571 | Vaults:1 | Found Mupip's Book Emporium.
 30695 | Vaults:1 | Killed zoran's ghost
 30891 | Vaults:2 | Found Alohaly's Food Emporium.
 31114 | Vaults:2 | Reached skill level 23 in Fire Magic
 31665 | Vaults:2 | Noticed Asterion
 31671 | Vaults:2 | Killed Asterion
 31791 | Vaults:2 | Reached XP level 20. HP: 118/126 MP: 27/40
 31794 | Vaults:2 | Reached skill level 24 in Fire Magic
 32254 | Vaults:3 | Entered Level 3 of the Vaults
 32254 | Vaults:3 | Noticed a golden dragon
 32257 | Vaults:3 | Reached skill level 15 in Spellcasting
 32263 | Vaults:3 | Killed from afar by a golden dragon

Skill      XL: |  1  2  3  4  5  6  7  8  9 10 11 12 13 14 15 16 17 18 19 20 |
---------------+-------------------------------------------------------------+-----
Spellcasting   | 3 4 5 7 9 11 12 14 15 | 15.3
Conjurations   | 5 6 7 8 10 11 13 14 16 17 | 17.1
Dodging        | 5 8 11 12 | 12.0
Fighting       | 1 5 8 |  8.0
Transmutations | 4 7 |  7.0
Shields        | 6 8 10 11 | 11.0
Ice Magic      | 4 11 14 16 | 16.0
Fire Magic     | 13 17 21 23 24 | 24.0
Stealth        | |  1.5

Action                   |  1- 3 |  4- 6 |  7- 9 | 10-12 | 13-15 | 16-18 | 19-21 || total
-------------------------+-------+-------+-------+-------+-------+-------+-------++-------
Melee: Unarmed           |     2 |       |       |     2 |    37 |    24 |    28 ||    93
 Fire: Blowgun           |     3 |     4 |       |       |       |       |       ||     7
 Cast: Magic Dart        |    82 |    72 |    71 |   264 |   211 |       |       ||   700
       Searing Ray       |     1 |     1 |       |     3 |       |       |       ||     5
       Iskenderun's Myst |       |       |   114 |   355 |   336 |    38 |    18 ||   861
       Irradiate         |       |       |       |    10 |       |       |       ||    10
       Icicle Burst      |       |       |       |       |   156 |   301 |    65 ||   522
       Ignition          |       |       |       |       |       |    70 |    45 ||   115
       Fire Storm        |       |       |       |       |       |       |     1 ||     1
Evoke: Lightning rod     |       |       |       |     4 |       |       |       ||     4
  Use: Scroll            |       |       |     8 |    15 |    14 |     6 |     2 ||    45
       Potion            |       |       |       |       |     2 |       |     1 ||     3
 Stab: Distracted        |       |       |       |       |       |     1 |       ||     1
  Eat: Chunk             |     1 |     3 |     8 |     4 |     9 |    10 |     3 ||    38
       Ration            |       |       |     1 |     8 |     6 |     7 |     2 ||    24
Armor: Skin              |     2 |     3 |     4 |    55 |    40 |    37 |     8 ||   149
Dodge: Dodged            |     7 |    20 |    10 |   339 |   256 |   149 |    40 ||   821
Block: Other             |     2 |     4 |     3 |    83 |       |     2 |       ||    94
       Buckler           |       |       |       |    41 |   319 |   244 |    86 ||   690
       Reflection        |       |       |       |       |    22 |    98 |    24 ||   144
